 Dungeon Crawl Stone Soup version 0.28-a0-503-g83f2989fac (webtiles) character file.

Game seed: 1151846155999832147

9 Heedrag the Skirmisher (level 2, 24/27 HPs)
             Began as a Minotaur Berserker on Sept 20, 2021.
             Was a Follower of Trog.
             Quit the game on level 1 of the Dungeon.
             The game lasted 00:00:25 (266 turns).

Heedrag the Skirmisher (Minotaur Berserker)          Turns: 266, Time: 00:00:25

Health: 24/27      AC:  2    Str: 21    XL:     2   Next: 3%
Magic:  1/1        EV: 12    Int:  4    God:    Trog [*.....]
Gold:   0          SH:  0    Dex:  9    Spells: 1/1 levels left

rFire   . . .      SeeInvis .   a - +0 hand axe
rCold   . . .      Faith    .   (no shield)
rNeg    . . .      Spirit   .   b - +0 animal skin
rPois   .          Reflect  .   (helmet restricted)
rElec   .          Harm     .   (no cloak)
rCorr   .          Rampage  .   (no gloves)
Will    .....                   (no boots)
Stlth   +.........              (no amulet)
HPRegen 0.09/turn               (no ring)
MPRegen 0.07/turn               (no ring)

@: no status effects
A: horns 2, retaliatory headbutt
a: Renounce Religion, Berserk


You were on level 1 of the Dungeon.
You worshipped Trog.
Trog was aware of your devotion.
You visited 1 branch of the dungeon, and saw 1 of its levels.

Inventory:

Hand Weapons
 a - a +0 hand axe (weapon)
Armour
 b - a +0 animal skin (worn)


   Skills:
 + Level 3.9 Fighting
 + Level 3.9 Axes
 + Level 2.5 Armour
 + Level 2.2 Dodging


You had one spell level left.
You didn't know any spells.
Your spell library was empty.

Dungeon Overview and Level Annotations

Branches:
Dungeon (1/15)

Altars:


Innate Abilities, Weirdness & Mutations

You have a pair of horns on your head.
You reflexively headbutt those who attack you in melee.


Message History

You kill the rat!
Trog accepts your kill.
Unknown command.
You start resting.
HP restored.
Found a stone staircase leading down.
Found a pair of boots.
A hobgoblin comes into view.
A hobgoblin is nearby!
A hobgoblin is nearby!
Found a leather armour.
A bat comes into view.
The hobgoblin barely misses you.
You hit the hobgoblin.
You kill the hobgoblin!
Trog accepts your kill. The bat closely misses you. You furiously retaliate!
You headbutt the bat!
You kill the bat!
Trog accepts your kill.
No target in view!
No target in view!
No target in view!
A ball python comes into view.
A ball python is nearby!
A ball python is nearby!
Found 2 silver javelins.
The ball python hisses angrily.
You closely miss the ball python. The ball python bites you.
The ball python closely misses you. x2; You furiously retaliate!
You headbutt the ball python!
You kill the ball python!
Trog accepts your kill.
You have reached level 2!
You see here a +0 pair of boots.
You see here a +0 pair of boots.
Saving game... please wait.
Welcome back, Heedrag the Minotaur Berserker.
Trog says: Kill them all!
Press ? for a list of commands and other information.
Are you sure you want to abandon this character and quit the game? (Confirm with "yes".)

#....####......### #.#
#.#.## #........# #.#
#.#.# ##.....#.## #.#
####.#.#
#....#.#>..###.#
.......#
#.#............#
####'####
#....#.#...#####
#.......# #.##.#.##.##
#.8.8.8.# #. # #.##.##
#.......# #. #@....#
+.8.<.8.+ #.## ###.#.#
#.......#.#.#. #.#.#
#.8.8.8.#.#...####.#.#
#.......#..[.........#
####+####.#....†.....#
(............##
....#..####.# ### #..#
.#


There were no monsters in sight!

Vanquished Creatures
  A ball python (D:1)
  A giant cockroach (D:1)
  A goblin (D:1)
  2 hobgoblins (D:1)
  2 bats (D:1)
  A rat (D:1)
8 creatures vanquished.

Notes
Turn   | Place    | Note
-------+----------+-------------------------------------------
     0 | D:1      | Heedrag the Minotaur Berserker began the quest for the Orb.
     0 | D:1      | Reached XP level 1. HP: 19/19 MP: 0/0
   255 | D:1      | Reached XP level 2. HP: 23/27 MP: 1/1
   266 | D:1      | Quit the game

Illustrated notes

Levels and vault maps discovered:
D:1:      doesnt_arrival_eight_statues, layout_loops_ring, serial_shops,
          nicolae_shop_window_shopping

Action                   || total
-------------------------++-------
Melee: Hand axe          ||    14
       Headbutt          ||     1
Armor: Animal skin       ||     5
Dodge: Dodged            ||     8

Table legend: (Time is in decaauts)
 A = Elapsed time spent in this place.
 B = Non-inter-level travel time spent in this place.
 C = Inter-level travel time spent in this place.
 D = Time resting spent in this place.
 E = Time spent auto-exploring this place.
 F = Levels seen in this place.
 G = Mean time per level.
                   A        B        C        D        E       F      G
               +--------+--------+--------+--------+--------+-----+--------+
         Total |    267 |    258 |      9 |    154 |     70 |   1 |  267.0 |
       Dungeon |    267 |    258 |      9 |    154 |     70 |   1 |  267.0 |
               +--------+--------+--------+--------+--------+-----+--------+

Top non-repeatable levels by time:
     D:1: 267 daAuts
